 Dungeon Crawl Stone Soup version 0.20-a0-454-g2b43fbb (webtiles) character file.

42 M4edhros the Sneak (level 3, 0/20 HPs)
             Began as an Octopode Artificer on Jan 9, 2017.
             Succumbed to an adder's poison
             ... on level 3 of the Dungeon.
             The game lasted 00:00:37 (518 turns).

M4edhros the Sneak (Octopode Artificer)              Turns: 518, Time: 00:00:38

Health: 0/20       AC:  1    Str:  9 (11) XL:     3   Next: 56%
Magic:  5/5        EV: 13    Int: 10 (11) God:
Gold:   24         SH:  0    Dex: 11 (13) Spells: 2/2 levels left

rFire  . . .     SeeInvis .     a - +0 short sword
rCold  . . .     Gourm    .     (no shield)
rNeg   . . .     Faith    .     (helmet restricted)
rPois  .         Spirit   .     (no amulet)
rElec  .         Reflect  .     (no ring)
rCorr  .         Harm     .     (no ring)
MR     .....                    (no ring)
Stlth  ++++......               (no ring)
                                (no ring)
                                (no ring)
                                (no ring)
                                (no ring)

@: lethally poisoned (0 -> -10)
A: almost no armour, stealthy swim, amphibious, 8 rings, constrict 8, camouflage
1, dopey 1, frail 1, gelatinous body 1, subdued magic 1
a: no special abilities


You were on level 3 of the Dungeon.
You were not hungry.

You visited 1 branch of the dungeon, and saw 3 of its levels.

You collected 24 gold pieces.

Inventory:

Hand Weapons
 a - a +0 short sword (weapon)
Wands
 b - a wand of flame (14/48)
 c - a wand of enslavement (14/24)
 d - a wand of random effects (14/48)
Scrolls
 e - 2 scrolls of teleportation {unknown}
 j - 2 scrolls of recharging {unknown}
Potions
 l - a potion of berserk rage {unknown}
Comestibles
 f - a bread ration
 k - a beef jerky


   Skills:
 - Level 1.0 Fighting
 - Level 1.0 Short Blades
 - Level 2.0 Dodging
 + Level 4.9 Stealth
 - Level 3.2 Evocations


You had 2 spell levels left.
You didn't know any spells.

Dungeon Overview and Level Annotations

Branches:
Dungeon (3/15)

Altars:


Innate Abilities, Weirdness & Mutations

You cannot wear most types of armour.
You are very stealthy in the water. (Stealth+)
You are amphibious.
You can wear up to eight rings at the same time.
You can use your tentacles to constrict eight enemies at once.
Your skin changes colour to match your surroundings (Stealth+).
Your rubbery body absorbs attacks. (AC +1, EV +1)
You are dopey. (Int -2)
You are frail. (-10% HP)
Your spells are a little easier to cast, but a little less powerful.


Message History

You are too injured to fight recklessly!
Okay, then.
Evoke which item? (* to show all) (? for menu, Esc to quit)
Aiming: Enslavement
Press: ? - help, Shift-Dir - straight line, f - goblin
Aim: a goblin, wielding a dagger (chance to defeat MR: 72%)
The adder is charmed.
You release your grip on your adder.
This wand has 14 charges left.
You feel sick. The goblin hits you with a dagger.
* * * LOW HITPOINT WARNING * * *
It was a potion of degeneration.
There was something very wrong with that liquid.
You feel weakened.
You feel dopey.
You feel clumsy.
* * * LOW HITPOINT WARNING * * *
You feel sick. The goblin closely misses you.
It was a potion of mutation.
You feel extremely strange.
You feel stupid.
Your connection to magic feels subdued.
You feel frail. The goblin closely misses you.
It was a potion of magic.
Magic courses through your body.
You die...

## ## .(# #.
.... . ...##
.# #...###.
###......
.....#sS##
#...g@.##
#....<..#
.......##..#
.######
#.... ###.#
#


You could see a giant cockroach, a goblin and a friendly adder.

Vanquished Creatures
  3 adders (D:2)
  A dart slug (D:2)
  A leopard gecko (D:2)
  A giant cockroach (D:2)
  2 goblins (D:2)
  A hobgoblin (D:1)
  A quokka (D:3)
  2 kobolds (D:2)
  2 rats
14 creatures vanquished.

Notes
Turn   | Place    | Note
-------+----------+-------------------------------------------
     0 | D:1      | M4edhros the Octopode Artificer began the quest for the Orb.
     0 | D:1      | Reached XP level 1. HP: 13/13 MP: 3/3
    76 | D:2      | Reached skill level 3 in Stealth
    76 | D:2      | Reached XP level 2. HP: 7/18 MP: 4/4
   384 | D:2      | Reached skill level 4 in Stealth
   386 | D:2      | Reached XP level 3. HP: 21/23 MP: 5/5
   516 | D:3      | HP: 1/23 [poisoned by an adder]
   517 | D:3      | Gained mutation: You are dopey. (Int -2) [potion of mutation]
   517 | D:3      | Gained mutation: Your spells are a little easier to cast, but a little less powerful. [potion of mutation]
   517 | D:3      | Gained mutation: You are frail. (-10% HP) [potion of mutation]
   518 | D:3      | Succumbed to an adder's poison

Vault maps used:
D:1:      dpeg_arrival_another_circle, minmay_hexomino_r4
D:2:      bloody_trog
D:3:      lemuel_crystal_altar

Skill      XL: |  1  2 |
---------------+-------+-----
Stealth        | 3 4 |  4.9
Fighting       | |  1.0
Short Blades   | |  1.0
Dodging        | |  2.0
Evocations     | |  3.2

Action                   || total
-------------------------++-------
Melee: Short sword       ||    31
       Constrict         ||     8
       Tentacles         ||     6
Evoke: Wand              ||     3
  Use: Potion            ||     4
 Stab: Sleeping          ||     2
Armor: Skin              ||     1
Dodge: Dodged            ||    19
